Map: Dusk Towers

Players

puCK (Nina)

  • Race: Protoss Protoss
  • League: Grandmaster

CMStormPolt (Polt) - Winner!

  • Race: Terran Terran
  • League: Grandmaster

VOD

Have the link to the VOD?

Description

Time

  • Played on: Feb. 14, 2016, 7:10 p.m.
  • Length: 9:10
Show
View Real Time Build Order
Export as new Build Order

puCK Protoss 

Build Orders: Nexus First, Blink Stalkers 

Get SALT Encoding   

  12  0:01  Probe (Chrono Boost)  
  13  0:11  Probe (Chrono Boost)  
  14  0:17  Pylon  
  14  0:22  Probe (Chrono Boost)  
  16  0:36  Probe (Chrono Boost)  
  16  0:46  Probe (Chrono Boost)  
  17  0:57  Nexus  
  17  1:06  Gateway  
  17  1:10  Probe (Chrono Boost)  
  18  1:20  Probe (Chrono Boost)  
  18  1:21  Assimilator  
  18  1:22  Assimilator  
  19  1:31  Probe (Chrono Boost)  
  20  1:41  Probe (Chrono Boost)  
  20  1:43  Gateway  
  21  1:52  Probe (Chrono Boost)  
  22  1:57  Cybernetics Core  
  22  2:02  Probe (Chrono Boost)  
  23  2:09  Probe (Chrono Boost)  
  23  2:13  Probe (Chrono Boost)  
  25  2:20  Probe (Chrono Boost)  
  25  2:21  Zealot (Chrono Boost)  
  29  2:34  Mothership Core (Chrono Boost)  
  28  2:45  Probe (Chrono Boost)  
  29  2:53  Warp Gate, Stalker  
  29  2:54  Probe (Chrono Boost)  
  29  2:56  Probe (Chrono Boost)  
  33  2:59  Pylon  
  33  3:05  Probe (Chrono Boost)  
  34  3:06  Probe (Chrono Boost)  
  35  3:15  Probe (Chrono Boost)  
  35  3:17  Probe (Chrono Boost), Twilight Council  
  35  3:18  Stalker  
  39  3:26  Probe (Chrono Boost)  
  40  3:27  Probe (Chrono Boost)  
  40  3:29  Pylon  
  40  3:31  Pylon  
  41  3:37  Probe (Chrono Boost)  
  41  3:38  Probe (Chrono Boost)  
  41  3:39  Stalker  
  45  3:47  Probe (Chrono Boost)  
  46  3:49  Probe (Chrono Boost)  
  46  3:54  Blink (Chrono Boost)  
  47  3:56  Probe  
  47  3:58  Pylon  
  47  4:01  Probe  
  49  4:06  Probe  
  50  4:11  Robotics Facility  
  50  4:13  Probe  
  50  4:14  Gateway  
  51  4:17  Probe  
  51  4:19  Gateway  
  52  4:26  Gateway  
  52  4:27  Probe x2  
  54  4:33  Assimilator x2  
  54  4:39  Probe  
  55  4:46  Nexus  
  55  4:48  Probe  
  56  4:54  Pylon  
  56  4:59  Warp Prism (Chrono Boost)  
  58  5:02  Pylon  
  58  5:03  Probe  
  58  5:05  Probe  
  59  5:16  Probe  
  59  5:17  Probe  
  61  5:24  Pylon  
  61  5:27  Stalker x3  
  61  5:28  Probe x2  
  68  5:31  Observer (Chrono Boost)  
  70  5:36  Stalker  
  70  5:38  Probe  
  70  5:40  Probe  
  74  5:49  Adept  
  67  5:50  Adept x2  
  67  5:55  Adept  
  62  6:00  Probe  
  62  6:01  Probe  
  52  6:13  Mothership Core  
  52  6:14  Probe  
  51  6:24  Probe, Resonating Glaives (Chrono Boost)  
  51  6:27  Probe  
  51  6:32  Observer (Chrono Boost)  
  54  6:33  Adept  
  54  6:34  Adept  
  54  6:36  Probe  
  59  6:40  Adept  
  59  6:41  Probe  
  59  6:45  Probe  
  61  6:50  Probe  
  62  6:58  Sentry x2  
  66  7:03  Pylon  
  66  7:06  Sentry  
  66  7:07  Pylon  
  64  7:17  Sentry  
  66  7:27  Pylon  
  63  7:35  Stalker  
  63  7:36  Stalker x2  
  60  7:40  Warp Prism (Chrono Boost)  
  60  7:42  Probe  
  60  7:43  Probe  
  56  7:53  Probe (Chrono Boost)  
  56  7:54  Robotics Bay  
  56  7:55  Probe (Chrono Boost)  
  58  8:05  Probe (Chrono Boost)  
  59  8:07  Probe (Chrono Boost), Adept  
  59  8:08  Adept x2  
  66  8:13  Forge  
  66  8:15  Probe (Chrono Boost)  
  66  8:18  Probe (Chrono Boost)  
  68  8:26  Probe (Chrono Boost)  
  68  8:28  Probe (Chrono Boost)  
  68  8:29  Stalker x2  
  68  8:33  Stalker  
  75  8:36  Probe (Chrono Boost)  
  75  8:39  Probe (Chrono Boost)  
  77  8:41  Stalker  
  78  8:53  Stalker x2  
Show
View Real Time Build Order
Export as new Build Order

CMStormPolt Terran - Winner!

Build Orders: Reaper Expand, MMM Bio 

Get SALT Encoding   

  12  0:00  SCV  
  13  0:12  SCV  
  14  0:16  Supply Depot  
  14  0:25  SCV  
  15  0:38  SCV  
  15  0:39  Barracks  
  16  0:44  Refinery  
  16  0:50  SCV  
  17  1:02  SCV  
  18  1:14  SCV  
  19  1:26  Orbital Command  
  19  1:28  Reaper  
  20  1:39  Command Center  
  20  1:52  SCV  
  21  1:55  Supply Depot  
  21  2:00  Barracks Reactor  
  21  2:04  SCV  
  21  2:06  Barracks  
  22  2:16  SCV  
  23  2:23  Factory  
  23  2:28  SCV  
  24  2:32  Refinery  
  24  2:40  SCV  
  24  2:45  Marine x2  
  24  2:50  Orbital Command  
  26  2:52  SCV  
  26  2:54  Barracks Tech Lab  
  27  3:03  Marine x2  
  27  3:04  SCV  
  30  3:06  Starport  
  30  3:09  Widow Mine  
  32  3:16  SCV x2  
  34  3:21  Marine x3  
  37  3:28  SCV  
  37  3:29  SCV, Stimpack  
  37  3:33  Supply Depot  
  39  3:36  Supply Depot  
  39  3:41  SCV x2  
  41  3:45  Marine x2, Medivac  
  41  3:46  Marine  
  46  3:54  Factory Reactor  
  46  3:57  Supply Depot, SCV x2  
  46  4:01  Supply Depot  
  48  4:06  Marine x2  
  48  4:08  Marine  
  48  4:09  SCV x2  
  53  4:20  Engineering Bay  
  53  4:22  SCV x2  
  55  4:26  Supply Depot  
  55  4:31  Marine x3  
  55  4:33  Medivac x2  
  55  4:34  SCV x2  
  64  4:41  Factory Reactor, Barracks  
  64  4:46  SCV x2  
  64  4:48  Refinery  
  64  4:49  Refinery  
  64  4:50  Supply Depot  
  66  4:58  SCV x2, Marine x2, Marauder  
  72  5:13  SCV x2  
  74  5:15  Marine x2  
  74  5:17  Terran Infantry Weapons Level 1  
  74  5:19  Marauder  
  76  5:32  Command Center  
  76  5:37  Barracks  
  76  5:38  Barracks  
  76  5:40  SCV x2, Combat Shields  
  76  5:42  Marauder  
  80  5:43  Marine x2  
  80  5:46  Marine x2  
  76  6:07  Medivac x2  
  76  6:08  Marine x4, Marauder  
  76  6:10  Widow Mine  
  77  6:11  SCV x2  
  79  6:22  Armory  
  79  6:23  Engineering Bay, Supply Depot  
  79  6:25  Supply Depot  
  77  6:27  Barracks Reactor, Barracks Tech Lab  
  77  6:34  Marine x4, Marauder  
  77  6:38  SCV x2  
  85  6:44  Medivac x2  
  85  6:45  Orbital Command  
  85  6:46  Widow Mine  
  91  6:54  SCV  
  91  6:55  SCV  
  91  6:56  Terran Infantry Armor Level 1  
  86  7:06  Marine x4, Marauder  
  86  7:07  Marauder  
  92  7:09  Marine x2  
  92  7:14  Medivac x2, Widow Mine  
  94  7:26  Marine x4  
  94  7:27  Marine  
  94  7:28  Marine, Marauder x2  
  102  7:35  Orbital Command  
  96  7:37  SCV x2  
  96  7:52  Marine x3, Marauder  
  96  7:53  Marauder  
  96  7:55  Marine x2  
  96  7:56  Marine  
  106  7:59  SCV x2  
  106  8:03  SCV  
  109  8:13  Supply Depot  
  109  8:16  Supply Depot x2, SCV  
  109  8:17  SCV  
  109  8:18  SCV  
  112  8:22  Medivac x2  
  116  8:31  SCV  
  116  8:32  Supply Depot  
  116  8:33  Supply Depot  
  117  8:35  SCV x2  
  119  8:45  Marine x6, Marauder x2  
Tags
 
Add a new tag
Caveats
  • Supply blocks, unpowered buildings, or Contaminate may cause inaccurate times.
  • Supply counts are checked every 10 seconds.